 Dungeon Crawl Stone Soup version 0.31-a0-188-g5e087ee2ca (webtiles) character file.

Game seed: 12603310067524026458

63 qw the Shooter (level 3, -1/20 HPs)
             Began as a Deep Elf Hunter on June 22, 2023.
             Slain by a goblin
             ... wielding a +0 club
             ... led by Robin
              (3 damage)
             ... on level 2 of the Dungeon.
             The game lasted 00:00:23 (1127 turns).

qw the Shooter (Deep Elf Hunter)                    Turns: 1127, Time: 00:00:24

Health: -1/20      AC:  7    Str: 10    XL:     3   Next: 87%
Magic:  5/5        EV:  9    Int: 13    God:
Gold:   38         SH:  0    Dex: 18    Spells: 2/2 levels left

rFire   . . .        Y - +1 shortbow
rCold   . . .        (shield currently unavailable)
rNeg    . . .        i - +0 scale mail
rPois   .            (no helmet)
rElec   .            (no cloak)
rCorr   .            f - +0 pair of gloves
SInv    .            (no boots)
Will    .....        (no amulet)
Stlth   +            (no ring)
HPRegen 0.23/turn    (no ring)
MPRegen 0.09/turn

%: no passive effects
@: no status effects
A: no striking features
a: no special abilities


You were on level 2 of the Dungeon.
You visited 1 branch of the dungeon, and saw 2 of its levels.

You collected 38 gold pieces.


   Skills:
 - Level 1.5 Fighting
 + Level 7.3 Ranged Weapons
 - Level 2.4 Dodging
 - Level 1.2 Stealth


You had 2 spell levels left.
You didn't know any spells.
Your spell library was empty.

Inventory:

Hand Weapons
 Y - a +1 shortbow (weapon)
Armour
 f - a +0 pair of gloves (worn)
 i - a +0 scale mail (worn)
Potions
 d - a potion of haste {unknown}
 g - a potion of lignification {unknown}
 k - a potion of curing

Dungeon Overview and Level Annotations

Branches:
Dungeon (2/15)

Altars:

Annotations:
D:2 Robin


Message History

The goblins go into a battle-frenzy!
You shoot an arrow. The arrow hits the goblin.
The goblin is severely wounded.
The goblin barely misses you. The goblin hits you with a +0 club.
The dart slug briefly extends its eye-stalks.
The goblin hits you but does no damage. The goblin barely misses you.
You shoot an arrow. The arrow hits the goblin.
You kill the goblin!
The goblin hits you but does no damage.
Robin's bangles clink loudly.
Robin hits you but does no damage.
You shoot an arrow. The arrow barely misses the goblin.
The goblin hits you with a +0 club. The goblin barely misses you.
Robin throws the goblin at you! The goblin barely misses you.
The goblin hits you with a +0 club. The goblin barely misses you.
You shoot an arrow. The arrow closely misses the goblin.
The goblin barely misses you. The goblin hits you but does no damage.
The goblin barely misses you. Robin hits you but does no damage.
You shoot an arrow. The arrow hits the goblin.
The goblin is heavily wounded.
The goblin hits you but does no damage. The goblin barely misses you.
The goblin hits you but does no damage. Robin closely misses you.
You shoot an arrow. The arrow barely misses the goblin.
The goblin hits you but does no damage. The goblin closely misses you.
The goblin hits you but does no damage.
Robin points. "Kill!"
Robin hits you from afar with a +0 trident.
The goblin hits you but does no damage. The goblin barely misses you.
The goblin completely misses you.
You shoot an arrow. The arrow hits the goblin!
You kill the goblin!
The goblin hits you with a +0 dagger. The goblin hits you with a +0 club.
You shoot an arrow. The arrow hits the dart slug!
You kill the dart slug!
The goblin hits you but does no damage. x2; Robin hits you but does no damage.
You shoot an arrow. The arrow closely misses the goblin.
The goblin no longer looks unusually strong.
The goblin hits you but does no damage. The goblin barely misses you.
The goblin hits you with a +0 club.
You die...

..
#.#####.##.#
..#.#...#.##.#
#.#.#.#<#.##.#
#.#.#.###.##.#
#...#.....##.#
#...########.#
#..........#
#g##########
#@# #gg.#
)gg...#
..)....#
........#
)........#
#.........#
#.........#


You could see Robin and 4 goblins.

Vanquished Creatures
  2 gnolls (D:1)
  2 dart slugs
  2 ball pythons (D:1)
  A bat (D:1)
  2 endoplasms (D:1)
  A giant cockroach (D:1)
  9 goblins
  6 hobgoblins
  4 jackals (D:1)
  A kobold (D:1)
  2 frilled lizards (D:1)
  3 rats (D:1)
35 creatures vanquished.

Notes
Turn   | Place    | Note
-------+----------+-------------------------------------------
     0 | D:1      | qw the Deep Elf Hunter began the quest for the Orb.
     0 | D:1      | Reached XP level 1. HP: 12/12 MP: 3/3
     0 | D:1      | 0 ||| qw: Version: 0.3-a-9-g12657ce
     0 | D:1      | 0 ||| qw: Game counter: 2758
     0 | D:1      | 0 ||| qw: Always use a shield: true
     0 | D:1      | 0 ||| qw: God list: Okawaru
     0 | D:1      | 0 ||| qw: Allow faded altars: false
     0 | D:1      | 0 ||| qw: Do Orc after D:15 true
     0 | D:1      | 0 ||| qw: Do second Lair branch before Depths: true
     0 | D:1      | 0 ||| qw: Lair rune preference: random
     0 | D:1      | 0 ||| qw: Plans: Normal
     0 | D:1      | 0 ||| PLANNING D:1-11
   123 | D:1      | Reached XP level 2. HP: 16/16 MP: 4/4
   147 | D:1      | Reached skill level 6 in Ranged Weapons
   653 | D:1      | Reached XP level 3. HP: 20/20 MP: 5/5
   663 | D:1      | Reached skill level 7 in Ranged Weapons
  1032 | D:1      | 1032 ||| UPGRADING to +0 pair of gloves.
  1037 | D:1      | 1037 ||| UPGRADING to +0 scale mail.
  1047 | D:1      | 1047 ||| DROPPING +0 leather armour.
  1048 | D:1      | 1048 ||| READING scroll labelled MEMIYLU EMANN.
  1049 | D:1      | 1049 ||| READING scroll labelled HUEZXI KORHAOGGACH.
  1050 | D:1      | 1050 ||| READING scroll labelled HUEPLU OS COI.
  1051 | D:1      | 1051 ||| DRINKING 2 fizzy clear potions.
  1052 | D:1      | 1052 ||| DROPPING scroll of butterflies.
  1115 | D:2      | Noticed Robin
  1124 | D:2      | HP: 4/20 [Robin/+0 trident (5)]
  1127 | D:2      | Slain by a goblin

Levels and vault maps discovered:
D:1:      pf_arrival_petrified_forest, layout_basic
D:2:      layout_basic, basic_altar, uniq_natasha, uniq_robin

Skill      XL: |  1  2  3 |
---------------+----------+-----
Ranged Weapons | 6 7 |  7.3
Fighting       | |  1.5
Dodging        | |  2.4
Stealth        | |  1.2

Action                     || total
---------------------------++-------
   Fire: Shortbow          ||   105
    Use: Scroll            ||     3
         Potion            ||     1
 Armour: Leather armour    ||     7
         Scale mail        ||    20
  Dodge: Dodged            ||    37

Table legend:
 A = Non-vault XP
 B = Vault XP
 C = Vault XP percentage of total XP
 D = Non-vault monster count
 E = Vault monster count
 F = Vault count percentage of total count
                 A         B        C        D         E       F
            +---------+---------+-------+---------+---------+-------
      Total |      74 |      16 |  17.8 |      27 |       8 |  22.9
            +---------+---------+-------+---------+---------+-------
        D:1 |      70 |       0 |   0.0 |      26 |       0 |   0.0
        D:2 |       4 |      16 |  80.0 |       1 |       8 |  88.9
            +---------+---------+-------+---------+---------+-------
